[Event "NOR-ch Youth 2019"]
[Site "Skien"]
[Date "2019.11.08"]
[Round "1.5"]
[White "Unhjem, Bjorn Robert Lovoll"]
[Black "Lindalen, Daniel"]
[Result "1-0"]
[ECO "E18"]
[WhiteElo "1942"]
[BlackElo "1472"]
[Annotator "NA RC"]
[PlyCount "59"]
[EventDate "2019.11.08"]
[EventType "swiss"]
[EventCountry "NOR"]
[SourceTitle "playchess.com"]
[Source "ChessBase"]
[SourceQuality "1"]
[TimeControl "2400+10"]

1. Nf3 Nf6 2. g3 d5 3. Bg2 e6 4. d4 Be7 5. O-O O-O 6. c4 Nbd7 7. Nc3 b6 8. cxd5 Nxd5 9. e4 Nxc3 10. bxc3 Bb7 11. Qc2 c5 {[%emt 0:00:35] E18: Queen's Indian: Old Main Line (4 g3 Bb7 5 Bg2 Be7 6 0-0 0-0 7 Nc3)} 12. Bf4 (12. Qe2 cxd4 13. cxd4 Nf6 14. e5 Nd5 15. h4 h6 16. Bd2 Rc8 17. Rfc1 Qd7 18. Nh2 Qa4 19. Be3 {0-1 (43) Le,Q (2583)-Kravtsiv,M (2549) Beijing 2008}) 12... cxd4 13. cxd4 Nf6 $146 ({Predecessor:} 13... Rc8 14. Qb1 g5 15. Be3 g4 16. Nd2 {1-0 (27) Golcman,E (2221)-Serakova,T (1661) Marianske Lazne 2016}) 14. Rfe1 Qd7 15. Rad1 Rac8 16. Qd3 Rfd8 17. h4 Qa4 18. Bg5 Rc2 $2 ({Inferior is} 18... Qxa2 19. Ra1 $16) ({Black should try} 18... Bb4 $17 19. Nd2 Rc3) 19. e5 Nd5 20. Bxe7 Nxe7 21. Ng5 $1 {[%emt 0:00:02] Discovered Attack} Bxg2 22. Qxh7+ ({Weaker is} 22. Kxg2 Nf5 $17) 22... Kf8 23. Kxg2 Nf5 24. Qh5 Qc6+ $2 (24... Nh6 25. Qf3 Ke7) 25. Kg1 $2 (25. d5 Qb7 26. Qh8+ Ke7 $14) 25... Qb7 $2 {[%emt 0:01:30] [#]} (25... Nh6 26. Re4 Kg8) 26. d5 $18 g6 27. Qh8+ Ke7 28. Qf6+ Ke8 29. dxe6 Rxd1 30. exf7+ 1-0

[Event "NOR-ch Youth 2019"]
[Site "Skien"]
[Date "2019.11.08"]
[Round "1.6"]
[White "Rosendahl, Guttorm"]
[Black "Holand, Per Fredrik"]
[Result "0-1"]
[ECO "E30"]
[WhiteElo "1436"]
[BlackElo "1927"]
[Annotator "NA RC"]
[PlyCount "58"]
[EventDate "2019.11.08"]
[EventType "swiss"]
[EventCountry "NOR"]
[SourceTitle "playchess.com"]
[Source "ChessBase"]
[SourceQuality "1"]
[TimeControl "2400+10"]

1. d4 Nf6 2. c4 e6 3. Bg5 h6 4. Bh4 Bb4+ 5. Nc3 c5 6. a3 Bxc3+ 7. bxc3 Qa5 {[%emt 0:01:25] E30: Nimzo-Indian: Leningrad Variation} 8. Qc2 (8. Qd3 Ne4 9. Rc1 Qxa3 10. Kd1 d5 11. f3 Nd6 12. cxd5 exd5 13. Qe3+ Be6 14. Qe5 Nf5 15. Bf2 {0-1 (24) Nichlos,A (1628)-David,A (2534) Agios Ioannis 2019}) 8... cxd4 9. Nf3 $146 ({Predecessor:} 9. Bxf6 gxf6 10. e4 dxe3 11. fxe3 b6 12. Nf3 Bb7 13. Be2 Na6 14. O-O Rg8 15. g3 f5 16. Rfd1 Nc5 17. Ne5 Ne4 18. Bf3 Qxe5 {0-1 (18) Secondi,A (1596)-Czerniawski,A ICCF email 2013}) 9... Qxc3+ 10. Qxc3 dxc3 11. Bxf6 gxf6 12. Rc1 Nc6 13. e3 b6 14. Rxc3 d6 15. Bd3 Ba6 16. O-O Rc8 17. Rd1 Ne5 18. Nxe5 fxe5 19. Be2 Ke7 20. Rdc1 Rc5 21. e4 Rhc8 22. a4 d5 23. exd5 exd5 24. Kf1 Bxc4 25. Bxc4 Rxc4 26. Rxc4 Rxc4 27. Ra1 Rc5 28. Ke2 Ra5 29. Kd3 b5 $19 {[%emt 0:00:05] Kd4} 0-1

[Event "NOR-ch Youth 2019"]
[Site "Skien"]
[Date "2019.11.08"]
[Round "1.12"]
[White "Hammari, Vinjar"]
[Black "Unneland, Mathias"]
[Result "0-1"]
[ECO "C01"]
[WhiteElo "1358"]
[BlackElo "2029"]
[Annotator "NA RC"]
[PlyCount "52"]
[EventDate "2019.11.08"]
[EventType "swiss"]
[EventCountry "NOR"]
[SourceTitle "playchess.com"]
[Source "ChessBase"]
[SourceQuality "1"]
[TimeControl "2400+10"]

1. e4 e6 2. d4 d5 3. exd5 exd5 4. Bd3 Bd6 5. Nf3 Nc6 6. O-O Bg4 7. c3 Nge7 8. Re1 Qd7 9. Nbd2 f6 10. Nf1 O-O-O {[%emt 0:00:40] C01: French: Exchange Variation} 11. Ne3 (11. b4 g5 12. a4 Ng6 13. a5 Nce7 14. Be2 Kb8 15. Qb3 Nh4 16. Nxh4 Bxe2 17. Rxe2 gxh4 18. a6 {0-1 (59) Dubiel,J (2434)-Balog,I (2559) Germany 2019}) 11... Bh5 12. h3 g5 13. g4 $146 ({Predecessor:} 13. Bf1 Bg6 14. b4 h5 15. Nh2 f5 16. Be2 {0-1 (34) Planche,P (1633)-O'Sullivan,T (1918) Villepinte 2013}) 13... Bg6 14. Bf1 h5 15. b4 Be4 16. Nd2 {[%emt 0:01:10] [#]} hxg4 $1 17. Nxe4 dxe4 18. Qxg4 {[%emt 0:01:01] [#]} f5 $1 19. Qe2 Ng6 20. Nc4 Nh4 21. Bg2 g4 22. Nxd6+ Qxd6 23. Bg5 Nf3+ 24. Bxf3 gxf3 25. Qe3 Rdg8 26. Kf1 Qh2 0-1

[Event "NOR-ch Youth 2019"]
[Site "Skien"]
[Date "2019.11.08"]
[Round "1.14"]
[White "Thorbjornsen, Ask Maardalen"]
[Black "Tunsjo, Axel"]
[Result "0-1"]
[ECO "B48"]
[WhiteElo "1340"]
[BlackElo "2038"]
[Annotator "NA RC"]
[PlyCount "44"]
[EventDate "2019.11.08"]
[EventType "swiss"]
[EventCountry "NOR"]
[SourceTitle "playchess.com"]
[Source "ChessBase"]
[SourceQuality "1"]
[TimeControl "2400+10"]

1. e4 c5 2. Nc3 Nc6 3. Nf3 e6 4. d4 cxd4 5. Nxd4 Qc7 6. Be3 a6 7. Be2 Nf6 8. a3 Be7 9. Qd2 {[%emt 0:00:47] B48: Sicilian: Taimanov: 5 Nc3 Qc7 6 Be3 a6 without Be2} (9. f4 d6 10. g4 d5 11. e5 Nd7 12. g5 Bc5 13. Qd2 Nxd4 14. Bxd4 Bxd4 15. Qxd4 Qb6 16. O-O-O Qxd4 17. Rxd4 {0-1 (62) Bologan,V (2610)-Jakovenko,D (2735) Poikovsky 2018}) 9... b5 10. b4 Bb7 11. f3 O-O 12. O-O Rac8 13. Bd3 $146 ({Predecessor:} 13. Nd1 d5 14. exd5 Nxd5 15. Nxc6 Qxc6 16. Bd3 Rfd8 {1-0 (44) Kolozinskas,M-Svitojus,Z (1684) Plunge 2009}) 13... Nxd4 14. Bxd4 e5 15. Ne2 exd4 16. Nxd4 Bd6 17. h3 Be5 18. Nf5 Bxa1 19. Ne7+ Kh8 20. Nxc8 Bd4+ 21. Kh1 Rxc8 22. Qc1 Nh5 $19 0-1

[Event "NOR-ch Youth 2019"]
[Site "Skien"]
[Date "2019.11.08"]
[Round "1.15"]
[White "Eliseev, Sergey"]
[Black "Fjeldstad, Ask"]
[Result "1-0"]
[ECO "C42"]
[WhiteElo "1911"]
[BlackElo "1302"]
[Annotator "NA RC"]
[PlyCount "71"]
[EventDate "2019.11.08"]
[EventType "swiss"]
[EventCountry "NOR"]
[SourceTitle "playchess.com"]
[Source "ChessBase"]
[SourceQuality "1"]
[TimeControl "2400+10"]

1. e4 e5 2. Nf3 Nf6 3. Nxe5 d6 4. Nf3 Qe7 5. d3 Bg4 6. Be2 d5 7. e5 Bxf3 8. exf6 Qxe2+ 9. Qxe2+ Bxe2 10. fxg7 Bxg7 11. Kxe2 Nc6 12. c3 O-O-O 13. d4 Rde8+ 14. Kd3 Re6 15. Be3 Na5 16. Nd2 b6 17. Rae1 Rhe8 18. b4 Nb7 19. f3 ({White should play} 19. Nf3 $16) 19... Bh6 20. Bf2 Rg8 21. g3 Kd7 22. f4 Rc8 (22... Bg7 $16 {was worth a try.} 23. c4 Rxe1 24. Rxe1 a5) 23. Nf3 (23. Re5 $18) 23... f6 $16 24. Rxe6 Kxe6 25. Be3 Kf7 26. Re1 c5 27. bxc5 bxc5 28. dxc5 Nxc5+ 29. Kc2 Bg7 30. Bd4 a6 31. Rb1 Rc7 32. Bxc5 Rxc5 33. Rb7+ Kg8 34. Nd4 f5 35. Rxg7+ Kxg7 36. Ne6+ 1-0

[Event "NOR-ch Youth 2019"]
[Site "Skien"]
[Date "2019.11.08"]
[Round "2.6"]
[White "Hestvik, Elias"]
[Black "Rosendahl, Guttorm"]
[Result "1-0"]
[ECO "D41"]
[WhiteElo "1784"]
[BlackElo "1436"]
[Annotator "NA RC"]
[PlyCount "81"]
[EventDate "2019.11.08"]
[EventType "swiss"]
[EventCountry "NOR"]
[SourceTitle "playchess.com"]
[Source "ChessBase"]
[SourceQuality "1"]
[TimeControl "2400+10"]

1. c4 c5 2. Nc3 Nf6 3. g3 e6 4. Bg2 d5 5. cxd5 Nxd5 6. Nf3 Nc6 7. d4 cxd4 8. Nxd4 Nxc3 9. bxc3 Nxd4 10. Qxd4 Qxd4 11. cxd4 Bb4+ 12. Bd2 Bxd2+ 13. Kxd2 Rb8 14. Rhc1 Kd7 15. Rc3 Kd6 16. Rac1 Bd7 17. Rc7 Bc6 18. R7xc6+ bxc6 19. Rxc6+ Kd7 20. Ra6 Rhc8 21. Rxa7+ Rc7 22. Rxc7+ Kxc7 23. Kc2 Rb5 24. Be4 Rb8 25. Kc3 Rc8 26. a4 Kb6+ 27. Kb4 Rb8 28. Bd3 Ra8 29. Bb5 Rc8 30. Bc4 Ra8 31. e4 Rc8 32. a5+ Ka7 33. d5 exd5 34. exd5 f6 35. Bb5 Rc1 36. d6 Rb1+ 37. Kc5 Rc1+ 38. Kd5 Rd1+ 39. Ke6 Kb7 40. Kd7 Rd5 41. Bc6+ 1-0

[Event "NOR-ch Youth 2019"]
[Site "Skien"]
[Date "2019.11.08"]
[Round "2.12"]
[White "Unneland, Mathias"]
[Black "Elmi, Saad Abobaker"]
[Result "1-0"]
[ECO "D37"]
[WhiteElo "2029"]
[BlackElo "1612"]
[Annotator "NA RC"]
[PlyCount "125"]
[EventDate "2019.11.08"]
[EventType "swiss"]
[EventCountry "NOR"]
[SourceTitle "playchess.com"]
[Source "ChessBase"]
[SourceQuality "1"]
[TimeControl "2400+10"]

1. d4 Nf6 2. c4 e6 3. Nf3 d5 4. Nc3 Be7 5. Bf4 O-O 6. e3 a6 7. Rc1 dxc4 8. Bxc4 c5 {[%emt 0:00:02] D37: Queen's Gambit Declined: 5 Bf4} (8... b5 9. Bd3 Bb7 10. Qc2 Nbd7 11. Ng5 h6 12. Nh7 Re8 13. Nxf6+ Bxf6 14. Bh7+ Kh8 15. Be4 Bxe4 16. Nxe4 {½-½ (64) Svane,R (2526)-Kovalenko,I (2644) Gjakova 2016}) 9. dxc5 Bxc5 10. O-O Nc6 11. Qe2 $146 ({Predecessor:} 11. Qc2 h6 12. a3 Qe7 13. Na4 Bd6 14. Nb6 Rb8 15. Bxd6 Qxd6 16. Rfd1 {½-½ (40) Soeder,T (2024)-Schwarzmann,T (1905) Bayern 2015}) 11... b5 12. Rfd1 Qb6 $1 13. Bd3 Bb7 14. Ne4 Be7 $1 15. Nfg5 Nxe4 16. Bxe4 h6 (16... Bxg5 $1 $14 17. Bxg5 Ne5) 17. Qh5 e5 $2 {[%emt 0:01:38] [#]} (17... Rad8 $16 {was necessary.}) 18. Nxf7 $1 Rxf7 {[%emt 0:01:44] [#]} 19. Qg6 $1 Bf6 {[%emt 0:00:47] [#]} ({Much worse is} 19... Rf6 $6 20. Qh7+ Kf7 21. Bd5+ Ke8 22. Bf3 $16) 20. Bxh6 $4 (20. Rd6 $1 $18 {is the narrow road to win.} Rd8 21. Bd5 {[%mdl 64] Pin}) 20... Nb4 $4 (20... Ne7 $19 21. Qg4 (21. Qh7+ $2 Kf8 $19) 21... Bxe4 22. Qxe4 Raf8) 21. Qh7+ Kf8 22. Bg6 Rc7 $2 (22... Rd8) 23. a3 $2 (23. Rxc7 $18 Qxc7 {[#]} 24. Bg5 $1 ) 23... Nc6 $2 {[%emt 0:01:41] [#]} (23... Nd5 $17 24. Qh8+ Ke7) 24. Rd6 $1 Ne7 25. Rxf6+ $2 (25. Rxb6 $2 {leads to mate.} Rxc1#) (25. Qh8+ {mates} Ng8 26. Rxc7 (26. Rxb6 $2 {gets mated.} Rxc1#) 26... Qxc7 27. Rxf6+ Ke7 28. Qxg7+ Kd8 29. Rf8#) 25... Qxf6 26. Qh8+ ({Less strong is} 26. Rxc7 Bd5 $18) 26... Ng8 27. Rxc7 gxh6 28. Rf7+ ({Worse is} 28. Rxb7 Qxg6 29. h3 Qf6 $11) 28... Qxf7 29. Bxf7 Rd8 30. h3 Kxf7 31. Qh7+ Kf6 32. Qxb7 Rd6 33. Qh7 Rd8 34. e4 Ne7 35. Qxh6+ Ng6 36. Qh5 Rh8 37. Qf5+ Kg7 38. Qd7+ Kh6 39. g3 Rb8 40. h4 Rb6 41. Qd8 Re6 42. Qg5+ Kh7 43. h5 Nf8 44. Qf5+ Kg7 45. g4 Rf6 46. Qxe5 Nd7 {[%emt 0:00:01] [#]} 47. Qd4 $1 Kh6 48. Qxd7 Rf4 49. Qd2 Kg5 50. h6 Kxg4 51. h7 Rf8 52. Qd7+ Kh5 53. Qh3+ Kg6 54. h8=Q Rxh8 55. Qxh8 Kf7 56. f4 Ke6 57. Qh6+ Kf7 58. f5 Ke7 59. Qe6+ Kf8 60. Qd7 a5 61. f6 b4 62. Qe7+ Kg8 63. Qg7# 1-0

[Event "NOR-ch Youth 2019"]
[Site "Skien"]
[Date "2019.11.08"]
[Round "2.14"]
[White "Tunsjo, Axel"]
[Black "Skaar, Ben Samuel Groth"]
[Result "1-0"]
[ECO "B50"]
[WhiteElo "2038"]
[BlackElo "1475"]
[Annotator "NA RC"]
[PlyCount "67"]
[EventDate "2019.11.08"]
[EventType "swiss"]
[EventCountry "NOR"]
[SourceTitle "playchess.com"]
[Source "ChessBase"]
[SourceQuality "1"]
[TimeControl "2400+10"]

1. e4 c5 2. Nf3 Nc6 3. b3 d6 4. Bb2 Nf6 5. Nc3 g6 6. Bc4 {[%emt 0:03:18] B50: Sicilian: 2...d6, Miscellaneous} (6. Nd5 e5 7. Nxf6+ Qxf6 8. c3 Bg7 9. a3 O-O 10. b4 Re8 11. Bc4 Be6 12. d3 Rad8 13. Bc1 h6 14. Bxe6 Qxe6 {1-0 (50) Firman,N (2516)-Libiszewski,F (2523) Porto Rio 2015}) 6... Bg7 7. h3 Bd7 8. Qe2 $146 ({Predecessor:} 8. d4 cxd4 9. Nxd4 O-O 10. O-O Nxd4 11. Qxd4 Bc6 12. Nd5 Nh5 13. Qe3 Bxb2 14. Rad1 Bg7 15. g4 Nf6 16. Nc3 Qc7 17. g5 Nh5 18. f4 Qb6 19. Rd3 Qxe3+ 20. Rxe3 Bd4 {0-1 (20) Perafan,J-Lescano,T La Pampa 2015}) 8... a6 9. a4 Rc8 (9... O-O $17) 10. O-O (10. Nd5 $1 $11) 10... O-O 11. Rad1 Re8 12. Rfe1 Nh5 13. Qf1 Nf4 14. Rc1 Ne6 15. Nd1 Ned4 16. Nxd4 Nxd4 17. c3 Ne6 18. f4 (18. Bxe6 $5 fxe6 19. Ne3 $15) 18... Bh6 (18... b5 $5 19. axb5 axb5 $15) 19. g3 Rf8 20. Ne3 Rb8 21. d4 b5 22. axb5 Bxb5 23. Rcd1 Rb7 (23... cxd4 $15 24. cxd4 Bxc4 25. Qxc4 Qb6) 24. Ng4 Bg7 25. f5 (25. Bc1 $11 {keeps the balance.}) 25... Nc7 $2 (25... Bxc4 $17 {stays on course.} 26. Qxc4 {[%mdl 64] Double Attack} Ng5) 26. dxc5 Ne8 27. cxd6 Nxd6 28. Qf2 (28. Bxb5 $14 Qb6+ 29. Kh2 Nxb5 30. e5 gxf5 31. Qxf5) 28... Qb8 $18 {[%emt 0:00:30] [#]} (28... Bxc4 $11 29. f6 exf6 30. bxc4 Nxe4 31. Rxd8 Nxf2 32. Rxf8+ Bxf8 33. Nxf6+ Kg7 34. Ne8+ Kh8 35. Kxf2 Rxb2+ 36. Ke3 Rh2) 29. Bd5 $1 Rc7 30. c4 Bc6 31. Bxg7 Kxg7 32. f6+ Kh8 33. fxe7 Re8 34. Qf6+ {[%emt 0:00:03] Double Attack} 1-0

[Event "NOR-ch Youth 2019"]
[Site "Skien"]
[Date "2019.11.08"]
[Round "2.15"]
[White "Skauen, Thomas Kirkholm"]
[Black "Eliseev, Sergey"]
[Result "0-1"]
[ECO "A36"]
[WhiteElo "1439"]
[BlackElo "1911"]
[Annotator "NA RC"]
[PlyCount "156"]
[EventDate "2019.11.08"]
[EventType "swiss"]
[EventCountry "NOR"]
[SourceTitle "playchess.com"]
[Source "ChessBase"]
[SourceQuality "1"]
[TimeControl "2400+10"]

1. c4 c5 2. Nc3 Nc6 3. g3 g6 4. Bg2 Bg7 5. e3 e6 6. Nge2 Nge7 7. O-O O-O 8. a3 d5 9. cxd5 Nxd5 10. Nxd5 {[%emt 0:01:14] A36: Symmetrical English vs ...g6: 4 Bg2 Bg7} exd5 11. d4 cxd4 $1 12. Nxd4 Nxd4 13. exd4 Be6 (13... Qb6 14. Bxd5 Bxd4 {½-½ (14) Vegh,E (2274)-Farago,S (2264) Budapest 2016}) 14. Be3 Qb6 $146 ({Predecessor:} 14... Rc8 15. Qb3 Rc4 16. Rfd1 Qd7 17. Rac1 Rfc8 18. Rxc4 dxc4 19. Qxb7 Qxb7 20. Bxb7 {½-½ (45) Veelders,W (1484)-Hartmann,E (1732) Chemnitz 2009}) 15. Qd2 Rfc8 16. Rfc1 Rc6 17. Rxc6 bxc6 18. Rc1 a5 19. b4 (19. h4 $11 {remains equal.}) 19... axb4 20. Qxb4 Qxb4 21. axb4 Ra4 22. Rb1 Bf8 23. Bd2 Bf5 24. Rc1 Bxb4 25. Bxb4 Rxb4 26. Kf1 Bd3+ 27. Ke1 Bb5 28. Rd1 Kf8 29. Bf1 $2 {[%emt 0:00:41] [#]} (29. Rd2 {was worth a try.}) 29... Bxf1 $2 (29... Ba4 $1 $19 {[%cal Ra4d1] is more deadly.} 30. Rc1 Rxd4) 30. Kxf1 Ke7 31. Ke2 Kd6 32. Ke3 Kc7 33. f4 Rb3+ 34. Kf2 Rb2+ 35. Kg1 Rb4 36. Kf1 Kb6 37. Rd2 Kb5 38. Kg2 Rc4 39. Kh3 f5 40. g4 fxg4+ 41. Kxg4 Kb4 42. Kg5 Rc3 43. h4 Rh3 44. Rc2 Kb5 45. Rc5+ Kb6 46. Rc2 $1 $11 Rd3 47. Rf2 Rh3 48. Rd2 $2 Rh1 (48... Rg3+ $142 49. Kh6 Rh3 50. Rb2+ Kc7 51. Kxh7 Rxh4+ {[%mdl 64] Double Attack} 52. Kxg6 Rxf4) 49. Rb2+ Ka6 50. Rc2 Kb5 51. Rc5+ Kb6 52. Rc2 Rg1+ $2 (52... Rd1 $19 53. h5 Rf1) 53. Kh6 $2 (53. Kf6 $17) 53... Rg4 54. Kxh7 Rxh4+ 55. Kxg6 Rxf4 56. Rd2 Kb5 57. Kg5 Rf1 58. Kg4 Kc4 59. Rc2+ Kxd4 60. Rxc6 Kd3 61. Ra6 d4 62. Rd6 Ke3 63. Re6+ Kd2 64. Rd6 d3 65. Kg3 Rf8 66. Rd7 Ke2 67. Re7+ Kd1 68. Rd7 d2 69. Rc7 Rf6 70. Re7 Rf5 71. Kg4 Rc5 72. Ra7 Kc2 73. Ra2+ Kd3 74. Ra3+ Rc3 75. Ra1 Rc1 76. Ra3+ Kc4 77. Ra4+ Kc3 78. Ra3+ Kb2 0-1

[Event "NOR-ch Youth 2019"]
[Site "Skien"]
[Date "2019.11.08"]
[Round "2.16"]
[White "Olsen, William Alexander"]
[Black "Fiskaaen, Martin Holten"]
[Result "1-0"]
[ECO "D13"]
[WhiteElo "1842"]
[BlackElo "1190"]
[Annotator "NA RC"]
[PlyCount "113"]
[EventDate "2019.11.08"]
[EventType "swiss"]
[EventCountry "NOR"]
[SourceTitle "playchess.com"]
[Source "ChessBase"]
[SourceQuality "1"]
[TimeControl "2400+10"]

1. Nf3 d5 2. c4 c6 3. cxd5 cxd5 4. d4 Nf6 5. Nc3 Nc6 6. Bf4 Qb6 7. Qb3 Qxb3 {[%emt 0:05:11] D13: Slav Defence: Exchange variation without ...Bf5} 8. axb3 a6 (8... e6 $11 9. e3 Bb4 10. Bd3 Bd7 11. Ke2 Ke7 12. h3 Rhc8 13. g4 {0-1 (64) Chigaev,M (2531)-Bai,J (2544) Groningen 2016}) 9. Nb5 Kd7 $1 10. e3 $146 ({White should play} 10. Ne5+ $1 $14 Nxe5 11. dxe5) ({Predecessor:} 10. Ng5 e6 11. e3 Bb4+ 12. Nc3 {1-0 (22) Giudici,A (1999)-Porzio,M (1901) Asti 2009}) 10... Nh5 (10... e6 $11) 11. Nc7 {[%emt 0:01:31] Double Attack} Ra7 12. Nxd5 Nxf4 13. Nxf4 e6 14. Be2 Bb4+ 15. Kf1 Bd6 16. Nd3 f6 17. g3 Ke7 18. Kg2 Rd8 19. Rhd1 Nb4 20. Nxb4 Bxb4 21. Rac1 Bd6 22. e4 e5 23. Rd3 Bd7 24. dxe5 fxe5 25. Nd2 Bb5 26. Nc4 Bxc4 27. bxc4 Raa8 (27... Bc5 $16) 28. c5 Bc7 29. c6 ({White should try} 29. Rd5 $18) 29... bxc6 30. Rxc6 Rxd3 31. Bxd3 Kd7 32. Rxa6 Rxa6 33. Bxa6 Bb6 34. f4 Kd6 35. Kf3 Bd4 36. b3 exf4 37. gxf4 Bg1 38. h4 Bc5 39. Bc4 Bb4 40. e5+ Ke7 41. Ke4 Be1 42. h5 Bd2 {[%emt 0:00:06] [#]} 43. h6 $1 gxh6 44. f5 h5 45. f6+ Kf8 46. e6 Bb4 47. Kd5 h4 48. Kc6 h3 49. Kd7 h2 50. Bd5 $18 h1=Q 51. Bxh1 h5 52. Bd5 h4 53. e7+ Bxe7 54. fxe7+ Kg7 55. e8=Q h3 56. Be4 Kf6 57. Qe7# 1-0

[Event "NOR-ch Youth 2019"]
[Site "Skien"]
[Date "2019.11.08"]
[Round "2.17"]
[White "Skjelbred, Marius Hjemsater"]
[Black "Digernes, Mikael"]
[Result "1/2-1/2"]
[ECO "C54"]
[WhiteElo "1166"]
[BlackElo "1715"]
[Annotator "NA RC"]
[PlyCount "72"]
[EventDate "2019.11.08"]
[EventType "swiss"]
[EventCountry "NOR"]
[SourceTitle "playchess.com"]
[Source "ChessBase"]
[SourceQuality "1"]
[TimeControl "2400+10"]

1. e4 e5 2. Nf3 Nc6 3. Bc4 Nf6 4. d3 Bc5 5. O-O d6 6. h3 h6 7. c3 O-O 8. b4 Bb6 9. Ba3 Re8 10. Re1 Ne7 11. Bb3 Ng6 12. Bc1 Be6 13. Na3 Bxb3 14. Qxb3 Nh5 15. Qc2 Ngf4 16. Bxf4 Nxf4 17. Rad1 Qf6 18. Nc4 Nxh3+ 19. gxh3 Qxf3 20. Nxb6 axb6 21. Re3 Rxa2 22. Rxf3 Rxc2 23. c4 b5 24. cxb5 Rb2 25. Rc1 Rxb4 26. Rxc7 Rxb5 27. Rfxf7 Kh8 28. Kf1 Rb1+ 29. Ke2 Ra8 30. Rxg7 Ra2+ 31. Kf3 b5 32. Rh7+ Kg8 33. Rhg7+ Kh8 34. Rh7+ Kg8 35. Rhg7+ Kh8 36. Rh7+ Kg8 1/2-1/2

[Event "NOR-ch Youth 2019"]
[Site "Skien"]
[Date "2019.11.08"]
[Round "2.18"]
[White "Strand, Vetle Bjorge"]
[Black "Nilsen, Henrik Lauvsnes"]
[Result "1-0"]
[ECO "D37"]
[WhiteElo "1695"]
[BlackElo "1169"]
[Annotator "NA RC"]
[PlyCount "203"]
[EventDate "2019.11.08"]
[EventType "swiss"]
[EventCountry "NOR"]
[SourceTitle "playchess.com"]
[Source "ChessBase"]
[SourceQuality "1"]
[TimeControl "2400+10"]

1. d4 d5 2. c4 e6 3. Nf3 Nf6 4. Nc3 Nbd7 5. Bf4 c6 6. e3 Bb4 7. Qc2 O-O 8. Bd3 Bxc3+ 9. Qxc3 h6 10. h3 dxc4 11. Bxc4 Nb6 12. Qd3 Qe7 13. O-O Nbd5 14. Bh2 Bd7 15. a3 c5 16. Bxd5 Nxd5 17. dxc5 Qxc5 18. e4 Bb5 19. Rfc1 Qxc1+ 20. Rxc1 Bxd3 21. exd5 exd5 22. Be5 Rac8 23. Bc3 f6 24. Nd4 a6 25. Rd1 Bg6 26. Ne6 Rfe8 27. Nf4 Bf7 28. Nxd5 Rcd8 29. Ne3 Rxd1+ 30. Nxd1 Kh7 31. Ne3 Kg6 32. Kf1 h5 33. h4 Re4 34. g3 f5 35. Kg2 f4 36. Kf3 fxe3 37. fxe3 Bd5 38. Kf2 Kh6 39. Bd2 g5 40. hxg5+ Kxg5 41. Kf3 Rb4+ 42. e4+ Kg6 43. Bxb4 Be6 44. Kf4 Bg4 45. Ke5 Kf7 46. Kd6 Bf3 47. e5 Bc6 48. e6+ Kf8 49. Bc3 Ke8 50. Bf6 Bf3 51. Kc7 Bc6 52. Kd6 Bf3 53. Ke5 Bc6 54. Kf5 Bd5 55. Bg5 Bc6 56. Kg6 Bd5 57. Kf6 Bc6 58. Bf4 Bd5 59. Bd6 Bf3 60. a4 Bd5 61. a5 Bc6 62. Ke5 Kd8 63. Kd4 Bf3 64. Kc5 Bc6 65. b4 Ba4 66. Kc4 Bb5+ 67. Kc5 Bc6 68. Kd4 Bb5 69. Ke5 Bc6 70. Kf6 Be8 71. Bc5 Bc6 72. Kf7 Be8+ 73. Kf8 Bc6 74. Bb6+ Kc8 75. e7 Bd7 76. e8=Q+ Bxe8 77. Kxe8 Kb8 78. Kf7 Kc8 79. Kg6 Kd7 80. Kxh5 Kc6 81. g4 Kb5 82. Bc5 Kc6 83. g5 Kd7 84. g6 Ke8 85. g7 Kf7 86. Bf8 Kg8 87. Kg5 Kf7 88. Kf5 Kg8 89. Ke5 Kf7 90. Kd6 Kg8 91. Kc7 Kf7 92. Kxb7 Kg8 93. Kxa6 Kf7 94. b5 Kg8 95. b6 Kh7 96. b7 Kg8 97. b8=Q Kh7 98. Qh2+ Kg8 99. Qh8+ Kf7 100. g8=Q+ Ke8 101. Qe6+ Kd8 102. Bd6# 1-0

[Event "NOR-ch Youth 2019"]
[Site "Skien"]
[Date "2019.11.08"]
[Round "2.19"]
[White "Brattgjerd, Isak Vinh"]
[Black "Ho, Nhat-Huy Dac"]
[Result "1-0"]
[ECO "D00"]
[WhiteElo "1699"]
[BlackElo "1178"]
[Annotator "NA RC"]
[PlyCount "87"]
[EventDate "2019.11.08"]
[EventType "swiss"]
[EventCountry "NOR"]
[SourceTitle "playchess.com"]
[Source "ChessBase"]
[SourceQuality "1"]
[TimeControl "2400+10"]

1. d4 e6 2. Bf4 d5 3. e3 Nc6 4. c3 Bd6 5. Bg3 Nf6 6. Bd3 Bxg3 7. hxg3 O-O 8. Nf3 Qe7 9. Ne5 Bd7 10. Bxh7+ Kh8 11. Bg6+ Kg8 12. Bxf7+ Rxf7 13. Ng6 Rff8 14. Nxe7+ Nxe7 15. Nd2 Ng6 16. Qc2 Nh8 17. e4 Be8 18. e5 Bg6 19. Qd1 Nh7 20. Nf3 Be4 21. c4 Rad8 22. cxd5 Rxd5 23. Rc1 c6 24. Rc4 Rd7 25. Qe2 Bd5 26. Rc3 Rdf7 27. Rxh7 Kxh7 28. Ng5+ Kg8 29. Nxf7 Rxf7 30. f3 a6 31. a4 g6 32. b4 Kg7 33. b5 cxb5 34. axb5 a5 35. Qc2 g5 36. Rc7 Rxc7 37. Qxc7+ Nf7 38. Qxa5 Kg6 39. g4 Nh8 40. Qd8 Nf7 41. Qf6+ Kh7 42. Qxf7+ Kh8 43. f4 gxf4 44. g5 1-0

[Event "NOR-ch Youth 2019"]
[Site "Skien"]
[Date "2019.11.08"]
[Round "2.20"]
[White "Bakkerud, Balder Jonsson"]
[Black "Ostensen, Nicolai Maxime"]
[Result "0-1"]
[ECO "A65"]
[WhiteElo "1186"]
[BlackElo "1691"]
[Annotator "NA RC"]
[PlyCount "45"]
[EventDate "2019.11.08"]
[EventType "swiss"]
[EventCountry "NOR"]
[SourceTitle "playchess.com"]
[Source "ChessBase"]
[SourceQuality "1"]
[TimeControl "2400+10"]

1. d4 Nf6 2. c4 c5 3. d5 e6 4. Nc3 exd5 5. cxd5 d6 6. e4 a6 7. a4 g6 8. f4 Nbd7 9. Nf3 Bg7 10. Bc4 O-O 11. O-O Nb6 12. Bb3 Bg4 13. Be3 Bxf3 14. Qxf3 Nfd7 15. a5 Nc8 16. Ba4 Rb8 17. Qf2 b5 18. axb6 Ncxb6 19. Bxd7 Qxd7 20. Rxa6 Nc4 21. Ra2 Nxe3 22. Qxe3 Bd4 23. Qxd4 0-1

[Event "NOR-ch Youth 2019"]
[Site "Skien"]
[Date "2019.11.08"]
[Round "2.21"]
[White "Khoo-Thwe, Louis"]
[Black "Tollefsen, Jacob"]
[Result "1/2-1/2"]
[ECO "C50"]
[WhiteElo "1660"]
[BlackElo "1160"]
[Annotator "NA RC"]
[PlyCount "100"]
[EventDate "2019.11.08"]
[EventType "swiss"]
[EventCountry "NOR"]
[SourceTitle "playchess.com"]
[Source "ChessBase"]
[SourceQuality "1"]
[TimeControl "2400+10"]

1. e4 e5 2. Nf3 Nc6 3. Bc4 Bc5 4. O-O h6 5. c3 d6 6. d4 Bb6 7. dxe5 Qe7 8. exd6 cxd6 9. Bf4 Bc7 10. Na3 a6 11. Qd3 Qf6 12. Bg3 Bg4 13. Rad1 Bxf3 14. Qxf3 Qxf3 15. gxf3 Rd8 16. Rd2 Nf6 17. Rfd1 Ne5 18. Bd5 Nxf3+ 19. Kg2 Nxd2 20. Rxd2 Nxd5 21. Rxd5 b5 22. c4 bxc4 23. Nxc4 O-O 24. Kf3 Rfe8 25. Nxd6 Bxd6 26. Bxd6 Re6 27. Bc5 Rxd5 28. exd5 Re5 29. Bd4 Rxd5 30. Ke4 Rh5 31. Be5 f6 32. Bg3 Rc5 33. Kd3 Kf7 34. Bf4 g5 35. Be3 Rc6 36. b4 Ke6 37. a4 Rc8 38. b5 axb5 39. axb5 Kd5 40. Ba7 Ra8 41. b6 Kc6 42. Ke4 Rf8 43. Kf5 Kb7 44. Kg6 Re8 45. Kxf6 Re2 46. Kg6 Rxf2 47. Kxh6 Rxh2+ 48. Kxg5 Rb2 49. Kf4 Rxb6 50. Bxb6 Kxb6 1/2-1/2